 Dungeon Crawl Stone Soup version 0.27-b1-42-g19c61b19a5 (webtiles) character file.

Game seed: 14806716270663926269

534 seveneves the Shield-Bearer (level 7, -1/61 HPs)
             Began as a Minotaur Fighter on July 29, 2021.
             Slain by a hound skeleton (4 damage)
             ... on level 4 of the Dungeon.
             The game lasted 00:08:41 (2493 turns).

seveneves the Shield-Bearer (Minotaur Fighter)      Turns: 2493, Time: 00:08:42

Health: -1/61      AC:  0    Str: 22    XL:     7   Next: 4%
Magic:  6/6        EV: 14    Int:  5    God:
Gold:   172        SH:  0    Dex: 10    Spells: 6/6 levels left

rFire    . . .     SeeInvis .   (weapon currently unavailable)
rCold    . . .     Faith    .   (shield currently unavailable)
rNeg     . . .     Spirit   .   (armour currently unavailable)
rPois    .         Reflect  .   (helmet currently unavailable)
rElec    .         Harm     .   (cloak currently unavailable)
rCorr    .         Rampage  .   (gloves currently unavailable)
Will     .....                  (boots currently unavailable)
Stlth    +.........             i - amulet of the acrobat
HPRegen  0.20/turn              (ring currently unavailable)
MPRegen  0.10/turn              (ring currently unavailable)

@: pig-form, weak-willed, very quick
A: fast, no casting, small, (horns 2), (retaliatory headbutt)
a: no special abilities


You were on level 4 of the Dungeon.
You were a filthy swine.
You visited 1 branch of the dungeon, and saw 4 of its levels.

You collected 172 gold pieces.

Inventory:

Hand Weapons
 a - a +0 long sword (melded)
 d - a +1 dagger of venom
Armour
 b - a +0 scale mail (melded)
 c - a +0 kite shield (melded)
Jewellery
 i - an amulet of the acrobat (around neck)
Scrolls
 f - 2 scrolls of identify
 h - a scroll of magic mapping
 j - 2 scrolls of amnesia
Potions
 e - a potion of flight
 g - a potion of haste


   Skills:
 + Level 5.0 Fighting
 + Level 5.3 Long Blades
 + Level 5.4 Armour
 + Level 1.7 Dodging
 + Level 1.0 Stealth
 + Level 5.6 Shields


You had 6 spell levels left.
You didn't know any spells.
Your spell library contained the following spells:

 Spells                   Type           Power      Damage    Failure   Level
 Slow                     Hex            0%         N/A       63%         2
 Confusing Touch          Hex            0%         N/A       85%         3
 Vampiric Draining        Necr           0%         2d6       85%         3
 Fireball                 Conj/Fire      0%         3d3       100%        5
 Iskenderun's Battlesphe  Conj           0%         2d6       100%        5
 Conjure Ball Lightning   Conj/Air       0%         3x3d6     100%        6
 Starburst                Conj/Fire      0%         8x6d3     100%        6
 Orb of Destruction       Conj           0%         N/A       100%        7
 Ignition                 Fire           0%         3d3       100%        8


Dungeon Overview and Level Annotations

Branches:
Dungeon (4/15)
 Temple: D:4-7

Altars:
Dithmenos

Annotations:
D:4 Edmund


Innate Abilities, Weirdness & Mutations

You are a filthy swine.
You move quickly.
Your equipment is almost entirely melded.
You are incapable of wielding weapons or throwing items.
You cannot cast spells.
((You have a pair of horns on your head.))
((You reflexively headbutt those who attack you in melee.))


Message History

The hound skeleton bites you. Edmund misses you.
You closely miss Edmund.
Edmund is moderately wounded.
The hound skeleton barely misses you.
Edmund hits you with a +0 dire flail of holy wrath!
You barely miss Edmund.
Edmund is moderately wounded.
The hound skeleton closely misses you.
You hit Edmund.
Edmund is moderately wounded.
Edmund hits you with a +0 dire flail of holy wrath!
* * * LOW HITPOINT WARNING * * *
The hound skeleton bites you.
* * * LOW HITPOINT WARNING * * *
You hit Edmund but do no damage.
Edmund is moderately wounded.
The hound skeleton closely misses you. Edmund barely misses you.
You hit Edmund.
Edmund is moderately wounded.
The hound skeleton bites you.
* * * LOW HITPOINT WARNING * * *
Edmund hits you with a +0 dire flail of holy wrath.
* * * LOW HITPOINT WARNING * * *
The hound skeleton bites you.
* * * LOW HITPOINT WARNING * * *
You hit Edmund.
Edmund is moderately wounded.
Edmund closely misses you. The hound skeleton bites you.
* * * LOW HITPOINT WARNING * * *
You hit Edmund.
Edmund is moderately wounded.
The hound skeleton closely misses you. Edmund closely misses you.
You barely miss Edmund.
Edmund is moderately wounded.
The hound skeleton closely misses you.
Edmund zaps a wand.
You resist with significant effort.
You hit Edmund.
Edmund is heavily wounded.
The hound skeleton bites you.
You die...

#......#*,,...,.#...............
#......#*,*#.###........####.###
#...>..#*,*#....................
####'###*,*#..##.#.#.##.####....
#..######.........*#.,#######
#.....#.....#.#.#,*#,,#......
#.#...#.(.....#,*...,,#.#####
#######.....#.@#Z#.....,,*,#....
#...#....#..#..h........,,,###.#
#...#.....#####..#.##.##,*** #.#
###.....#...#*,####.#*,**,* #,#
#..#....#......,,,,,#*,**,*****,#
#.....######.##*******<**,,,,,,,#
.(.#.........# *,*********#
...#....####*# *,* .######## *,*
## *,*


You could see Edmund (weak-willed) and a hound skeleton.

Vanquished Creatures
  A phantom (D:4)
  A wyvern zombie (D:3)
  2 scorpions (D:4)
  An orc priest (D:3)
  A centaur skeleton (D:3)
  A hound (D:3)
  A bullfrog skeleton (D:4)
  Jessica (D:3)
  An orc wizard (D:3)
  3 adders
  A worm (D:2)
  2 dart slugs (D:2)
  15 orcs
  5 ball pythons
  3 endoplasms
  2 giant cockroaches
  5 goblins
  5 hobgoblins (D:1)
  7 jackals
  A quokka (D:1)
  8 bats
  A frilled lizard (D:3)
  5 kobolds
  8 rats
81 creatures vanquished.

Notes
Turn   | Place    | Note
-------+----------+-------------------------------------------
     0 | D:1      | seveneves the Minotaur Fighter began the quest for the Orb.
     0 | D:1      | Reached XP level 1. HP: 19/19 MP: 0/0
   146 | D:1      | Reached XP level 2. HP: 23/27 MP: 1/1
   252 | D:1      | Found a faded altar of an unknown god.
   525 | D:2      | Reached XP level 3. HP: 33/34 MP: 2/2
   627 | D:2      | Gained mutation: You are dopey. (Int -2) [potion of
                  | mutation]
   627 | D:2      | Lost mutation: You are dopey. (Int -2) [potion of mutation]
  1000 | D:2      | Reached XP level 4. HP: 34/41 MP: 3/3
  1309 | D:3      | Noticed Jessica
  1313 | D:3      | Killed Jessica
  1345 | D:3      | Reached skill level 1 in Dodging
  1510 | D:3      | Reached XP level 5. HP: 47/47 MP: 4/4
  1968 | D:3      | Reached skill level 5 in Shields
  1968 | D:3      | Reached XP level 6. HP: 12/55 MP: 5/5
  2206 | D:4      | Reached skill level 5 in Long Blades
  2206 | D:4      | Reached skill level 5 in Armour
  2206 | D:4      | Reached skill level 1 in Stealth
  2214 | D:4      | Found a shadowy altar of Dithmenos.
  2248 | D:4      | Reached skill level 5 in Fighting
  2394 | D:4      | Reached XP level 7. HP: 61/61 MP: 6/6
  2451 | D:4      | Noticed Edmund
  2490 | D:4      | HP: 2/61 [hound skeleton (4)]
  2493 | D:4      | Slain by a hound skeleton

Illustrated notes

Levels and vault maps discovered:
D:1:      dpeg_arrival_tiny_c, layout_rooms,
          hellmonk_ecumenical_altar_inner_sanctum
D:2:      layout_basic
D:3:      layout_basic, grunt_ministairs_15, uniq_jessica
D:4:      layout_basic, nicolae_overflow_hidden_temple,
          mainiacjoe_overflow_brackets, hangedman_decor_push, uniq_edmund,
          uniq_natasha

Skill      XL: |  1  2  3  4  5  6 |
---------------+-------------------+-----
Shields        | 4 5 |  5.6
Fighting       | 4 5 |  5.0
Long Blades    | 3 4 5 |  5.3
Armour         | 4 5 |  5.4
Dodging        | 1 |  1.7
Stealth        | 1 |  1.0

Action                   |  1- 3 |  4- 6 |  7- 9 || total
-------------------------+-------+-------+-------++-------
Melee: Long sword        |    94 |   101 |       ||   195
       Headbutt          |    15 |    25 |       ||    40
       Unarmed           |       |       |    24 ||    24
  Use: Potion            |     4 |     2 |       ||     6
       Scroll            |       |     3 |     1 ||     4
 Stab: Invisible         |     2 |       |       ||     2
Armor: Scale mail        |    49 |    37 |       ||    86
Dodge: Dodged            |    43 |    28 |    22 ||    93
Block: Kite shield       |    43 |    56 |       ||    99
       Rpst.: Long sword |    12 |     8 |       ||    20
